 Dungeon Crawl Stone Soup version 0.25-a0-1079-g858b6a6ff6 (webtiles) character file.

Game seed: 12891032393846221224, levelgen mode: deterministic

595 vurker the Gusty (level 7, 0/40 HPs)
             Began as a Tengu Air Elementalist on May 15, 2020.
             Was an Initiate of Vehumet.
             Slain by Duvessa
             ... wielding a +0 short sword
              (3 damage)
             ... on level 4 of the Dungeon.
             The game lasted 00:09:27 (6010 turns).

vurker the Gusty (Tengu Air Elementalist)           Turns: 6010, Time: 00:09:28

Health: 0/40       AC:  2    Str:  8    XL:     7   Next: 40%
Magic:  5/14       EV: 15    Int: 18    God:    Vehumet [......]
Gold:   254        SH:  0    Dex: 14    Spells: 4/14 levels left

rFire    . . .     SeeInvis .   m - +2 dagger (venom)
rCold    . . .     Gourm    .   (no shield)
rNeg     . . .     Faith    .   a - +0 robe
rPois    .         Spirit   .   (helmet restricted)
rElec    .         Reflect  .   (no cloak)
rCorr    .         Harm     .   (no gloves)
MR       .....                  (boots unavailable)
Stlth    ++........             (no amulet)
HPRegen  0.13/turn              (no ring)
MPRegen  0.14/turn              (no ring)

@: flying quickly and evasively, quick
A: beak, talons 3, able to fly
a: Stop Flying, Renounce Religion


You were on level 4 of the Dungeon.
You worshipped Vehumet.
Vehumet was noncommittal.
You were hungry.

You visited 2 branches of the dungeon, and saw 5 of its levels.

You collected 254 gold pieces.

Inventory:

Hand Weapons
 m - a +2 dagger of venom (weapon)
   (You took it off a goblin on level 2 of the Dungeon)
Missiles
 y - 25 poisoned darts (quivered)
Armour
 a - a +0 robe (worn)
Scrolls
 d - a scroll of noise {unknown}
 f - a scroll of fog {unknown}
 h - 2 scrolls of amnesia {unknown}
 j - 5 scrolls of teleportation
 p - a scroll of random uselessness {unknown}
 q - a scroll of fear {unknown}
 t - 2 scrolls of remove curse {unknown}
 u - a scroll of blinking {unknown}
Potions
 b - 3 potions of curing
 c - a potion of berserk rage {unknown}
 g - 2 potions of haste
 i - a potion of mutation {unknown}
 k - 2 potions of lignification {unknown}
 l - 2 potions of degeneration {unknown}
 n - a potion of cancellation {unknown}
 o - a potion of might {unknown}
 r - a potion of stabbing {unknown}
 s - a potion of heal wounds {unknown}
 w - a potion of magic {unknown}
 x - 2 potions of resistance {unknown}
Comestibles
 e - 8 rations


   Skills:
 + Level 2.6 Fighting
 - Level 2.1 Dodging
 - Level 2.0 Stealth
 * Level 4.2 Spellcasting
 * Level 5.4 Conjurations
 * Level 6.7 Air Magic


You had 4 spell levels left.
You knew the following spells:

 Your Spells              Type           Power        Failure   Level  Hunger
a - Shock                 Conj/Air       ####         1%          1    None
b - Lightning Bolt        Conj/Air       ####......   32%         5    ######.
c - Airstrike             Air            ####......   9%          4    ####...

Your spell library contained the following spells:

 Spells                   Type           Power        Failure   Level  Hunger
 Static Discharge         Conj/Air       ####....     3%          3    ###....
 Swiftness                Chrm/Air       ###.....     5%          2    ##.....


Dungeon Overview and Level Annotations

Branches:
Dungeon (4/15)             Temple (1/1) D:4

Altars:
Gozag
Hepliaklqana
Kikubaaqudgha
Makhleb
Qazlal
Vehumet
Wu Jian

Shops:
D:4 (

Annotations:
D:2 Sigmund
D:4 Duvessa


Innate Abilities, Weirdness & Mutations

You have a beak for a mouth.
You have claws for feet.
You can fly continuously.


Message History

The zap hits Dowan.
The zap hits Duvessa.
Duvessa shouts!
Aim: Dowan, wielding a +0 dagger and wearing a +0 robe (heavily wounded)
The zap hits Duvessa.
The zap hits Dowan.
Dowan mumbles some strange words.
Dowan blinks!
Aim: Duvessa, wielding a +0 short sword and wearing a +0 ring mail (lightly wounded, fast)
The zap misses Duvessa.
The spell is quite dangerous to cast (10% risk of failure)!
Continue anyway? [Y]es or [N]o only, please.
The spell is quite dangerous to cast (10% risk of failure)!
Continue anyway?
Aim: Duvessa, wielding a +0 short sword and wearing a +0 ring mail (lightly wounded, fast)
The air twists around and strikes Duvessa!
Duvessa says, "When magic and the sword combine, nothing stands against them."
Throwing (i - inventory)
y - 29 poisoned darts (quivered)
Aim: Duvessa, wielding a +0 short sword and wearing a +0 ring mail (heavily wounded, fast)
You throw a poisoned dart. The poisoned dart hits Duvessa.
Throwing (i - inventory)
y - 28 poisoned darts (quivered)
Aim: Duvessa, wielding a +0 short sword and wearing a +0 ring mail (heavily wounded, fast)
You throw a poisoned dart. The poisoned dart hits Duvessa.
Duvessa is poisoned.
Duvessa hits you with a +0 short sword. x2
Throwing (i - inventory)
y - 27 poisoned darts (quivered)
Aim: Duvessa, wielding a +0 short sword and wearing a +0 ring mail (heavily wounded, fast, poisoned)
You throw a poisoned dart. The poisoned dart hits Duvessa.
Duvessa hits you with a +0 short sword!
Aim: Duvessa, wielding a +0 short sword and wearing a +0 ring mail (heavily wounded, fast, poisoned)
The zap hits Duvessa.
The zap hits Dowan.
Duvessa hits you with a +0 short sword. x2
* * * LOW HITPOINT WARNING * * *
Aim: Duvessa, wielding a +0 short sword and wearing a +0 ring mail (heavily wounded, fast, poisoned)
The zap hits Duvessa.
The zap hits Dowan.
You kill Dowan!
Vehumet accepts your kill.
Duvessa screams in rage.
Duvessa goes berserk!
Duvessa barely misses you.
You aren't carrying any items that you can evoke.
Unknown command.
Throwing (i - inventory)
y - 26 poisoned darts (quivered)
Aim: Duvessa, wielding a +0 short sword and wearing a +0 ring mail (heavily wounded, berserk, fast, poisoned)
You throw a poisoned dart. The poisoned dart hits Duvessa.
Duvessa hits you with a +0 short sword!
* * * LOW HITPOINT WARNING * * *
Duvessa hits you with a +0 short sword.
* * * LOW HITPOINT WARNING * * *
Okay, then.
Duvessa closely misses you.
Duvessa looks more healthy.
Duvessa rages.
Duvessa hits you with a +0 short sword.
You die...

..........#.####.####.##.# #.
#.##.#.##.#.####.####.##.# #.
######.............##.##.# #.
#...#..........#.#.##.##.# #.
..8...###.#.##.#...##.##.#######.
#...##...........................
#########.#.##.#####.###.########
##### #.#.##.#####.#########
....# #.#.....@e.....((.)...
###.# #.####.##.##.######### #.#
#.####.##.##.# ###.#
#....#.##.##.# ....#
#............# .##.#
#............# ..#.#
#.##.........#
....#####.##.........############
....∩...........................#


You could see Duvessa (berserk, fast).

Vanquished Creatures
  Grinder (D:4)
  A scorpion (D:4)
  Dowan (D:4)
  A howler monkey (D:4)
  An orc wizard (D:4)
  2 worker ants (D:4)
  Robin (D:4)
  4 gnolls
  3 adders
  An adder skeleton (D:4)
  2 worms (D:3)
  2 dart slugs
  4 leopard geckos
  12 orcs
  2 giant cockroaches
  16 goblins
  13 hobgoblins
  2 quokkas
  5 bats (D:1)
  4 frilled lizards
  6 kobolds
  A leopard gecko skeleton (D:4)
  7 rats
92 creatures vanquished.

Notes
Turn   | Place    | Note
-------+----------+-------------------------------------------
     0 | D:1      | vurker the Tengu Air Elementalist began the quest for the
                  | Orb.
     0 | D:1      | Reached XP level 1. HP: 10/10 MP: 4/4
   184 | D:1      | Reached XP level 2. HP: 15/15 MP: 0/6
   843 | D:1      | Reached XP level 3. HP: 20/20 MP: 5/7
  1207 | D:2      | Noticed Sigmund
  1721 | D:2      | Reached skill level 1 in Fighting
  1786 | D:1      | Reached XP level 4. HP: 6/25 MP: 9/9
  2217 | D:2      | Reached skill level 5 in Air Magic
  3253 | D:3      | Gained mutation: You can fly continuously. [Tengu growth]
  3253 | D:3      | Reached XP level 5. HP: 29/29 MP: 6/10
  3342 | D:3      | Learned a level 5 spell: Lightning Bolt
  3347 | D:3      | Learned a level 4 spell: Airstrike
  4110 | D:4      | Noticed Grinder
  4353 | D:4      | Reached XP level 6. HP: 35/35 MP: 5/12
  4432 | D:4      | Noticed Robin
  4438 | D:4      | Killed Robin
  4938 | D:4      | Paralysed by Grinder for 6 turns
  4955 | D:4      | Paralysed by Grinder for 2 turns
  4961 | D:4      | Killed Grinder
  4961 | D:4      | Reached skill level 5 in Conjurations
  4961 | D:4      | Reached skill level 6 in Air Magic
  4961 | D:4      | Reached XP level 7. HP: 14/40 MP: 0/14
  5336 | D:4      | Found Zuuruas's Weapon Shop.
  5772 | D:4      | Found a staircase to the Ecumenical Temple.
  5870 | D:4      | Noticed Dowan
  5943 | Temple   | Entered the Ecumenical Temple
  5954 | Temple   | Became a worshipper of Vehumet
  5994 | D:4      | Noticed Duvessa
  6003 | D:4      | Killed Dowan
  6004 | D:4      | HP: 2/40 [Duvessa/+0 short sword (3)]
  6010 | D:4      | Slain by Duvessa

Illustrated notes

Levels and vault maps discovered:
D:1:      ncdulo_lavacross, layout_rooms
D:2:      layout_basic, chequers_serial_rivers_room_b, uniq_sigmund
D:3:      minmay_inner_zag, layout_loops_cross
D:4:      layout_basic, minmay_temple_entry_antechambers, first_ration,
          serial_shops, shop, st_stairs_5, kennysheep_generic_room_11,
          uniq_grinder, uniq_robin, uniq_duvessa
Temple:   nicolae_temple_the_god_donut

Skill      XL: |  1  2  3  4  5  6 |
---------------+-------------------+-----
Conjurations   | 2 3 4 5 |  5.4
Fighting       | 1 2 |  2.6
Air Magic      | 5 6 |  6.7
Spellcasting   | 3 4 |  4.2
Dodging        | |  2.1
Stealth        | |  2.0

Action                   |  1- 3 |  4- 6 |  7- 9 || total
-------------------------+-------+-------+-------++-------
Melee: Dagger            |    20 |    13 |       ||    33
       Peck              |     8 |     1 |       ||     9
       Kick              |     3 |     7 |       ||    10
Throw: Dart              |       |     9 |     4 ||    13
 Cast: Shock             |    60 |   107 |    27 ||   194
       Airstrike         |       |     4 |     1 ||     5
 Abil: Fly               |       |     1 |       ||     1
  Use: Scroll            |       |     3 |       ||     3
  Eat: Chunk             |     3 |    10 |     3 ||    16
Armor: Robe              |    18 |     1 |       ||    19
Dodge: Dodged            |    35 |    19 |     4 ||    58

Table legend:
 A = Non-vault XP
 B = Vault XP
 C = Vault XP percentage of total XP
 D = Non-vault monster count
 E = Vault monster count
 F = Vault count percentage of total count
                 A         B        C        D         E       F
            +---------+---------+-------+---------+---------+-------
      Total |     425 |     425 |  50.0 |      75 |      17 |  18.5
            +---------+---------+-------+---------+---------+-------
        D:1 |      80 |       0 |   0.0 |      25 |       0 |   0.0
        D:2 |      66 |       0 |   0.0 |      20 |       0 |   0.0
        D:3 |      24 |      19 |  44.2 |      11 |       6 |  35.3
        D:4 |     255 |     406 |  61.4 |      19 |      11 |  36.7
            +---------+---------+-------+---------+---------+-------
